 Dungeon Crawl Stone Soup version 0.30.0-19-g36f170ea60 (webtiles) character file.

Game seed: 9945418128073591402

1519 sampeng1 the Chopper (level 8, -5/66 (73) HPs)
             Began as a Minotaur Berserker on May 26, 2023.
             Was a Priest of Trog.
             Slain by a wight
             ... wielding a +3 great sword
              (13 damage)
             ... on level 6 of the Dungeon.
             The game lasted 00:11:28 (4514 turns).

sampeng1 the Chopper (Minotaur Berserker)           Turns: 4514, Time: 00:11:29

HP:   -5/66 (73)    AC: 10    Str: 23    XL:     8   Next: 54%
MP:   7/7           EV: 13    Int:  4    God:    Trog [***...]
Gold: 284           SH:  5    Dex: 17    Spells: 7/7 levels left

rFire   . . .        a - +1 hand axe (flame)
rCold   . . .        c - +0 buckler
rNeg    . . .        p - +1 scale mail {rPois}
rPois   +            (helmet restricted)
rElec   .            e - +0 cloak
rCorr   .            (no gloves)
SInv    .            (no boots)
Will    .....        (no amulet) Stlth
                     m - +6 ring of dexterity
HPRegen 0.31/turn    (no ring)
MPRegen 0.10/turn

%: no passive effects
@: drained
A: horns 2, retaliatory headbutt
a: Renounce Religion, Berserk, Trog's Hand


You were on level 6 of the Dungeon.
You worshipped Trog.
Trog was most pleased with you.
You visited 1 branch of the dungeon, and saw 6 of its levels.

You collected 284 gold pieces.

Inventory:

Hand Weapons
 a - a +1 hand axe of flaming (weapon)
Missiles
 j - 23 poisoned darts (quivered)
Armour
 c - a +0 buckler (worn)
 d - a +0 chain mail
 e - a +0 cloak (worn)
 p - a +1 scale mail of poison resistance (worn)
Jewellery
 m - a +6 ring of dexterity (left hand)
Wands
 k - a wand of roots (11)
 l - a wand of flame (13)
Scrolls
 g - a scroll of teleportation
 n - a scroll of blinking
 o - a scroll of vulnerability
Potions
 f - a potion of berserk rage
 h - 5 potions of curing
 i - 2 potions of flight


   Skills:
 + Level 7.1 Fighting
 + Level 7.2 Axes
 + Level 6.5 Armour
 + Level 6.0 Dodging
 + Level 3.0 Shields


You had 7 spell levels left.
You didn't know any spells.
Your spell library was empty.

Dungeon Overview and Level Annotations

Branches:
Dungeon (6/15)             Temple (0/1) D:5

Altars:
Nemelex Xobeh
Qazlal
Vehumet


Innate Abilities, Weirdness & Mutations

You have a pair of horns on your head.
You reflexively headbutt those who attack you in melee.


Message History

The wight is moderately damaged.
You block the wight's attack.
You hit the wight but do no damage.
The wight is moderately damaged.
You hit the wight but do no damage. You block the wight's attack.
You hit the wight but do no damage. Your headbutt misses the wight.
The wight is moderately damaged.
You hit the wight. You burn the wight. You hit the wight. You burn the wight.
You block the wight's attack. The wight completely misses you.
You furiously retaliate!
You headbutt the wight. The wight closely misses you.
You hit the wight. You burn the wight. You headbutt the wight!
You destroy the wight!
Trog accepts your kill.
You hit the wight. You burn the wight. You hit the wight but do no damage. x2
The wight misses you. The wight hits you but does no damage.
The wight hits you with a +5 falchion!
You feel drained.
Your life force feels restored.
Your Dodging skill increases to level 6!
Your Shields skill increases to level 3!
The wight completely misses you.
The wight hits you with a +4 short sword.
You feel drained. The wight hits you with a +5 falchion!
You feel drained.
Things that are here:
a +0 battleaxe; a +0 robe You hit the wight.
You burn the wight. You headbutt the wight.
The wight is severely damaged.
You closely miss the wight. x2
The wight hits you with a +3 great sword!
You feel drained.
The wight hits you with a +4 short sword!
* * * LOW HITPOINT WARNING * * *
You feel drained.
* * * LOW HITPOINT WARNING * * *
The wight hits you with a +5 falchion!
* * * LOW HITPOINT WARNING * * *
You closely miss the wight.
The wight is severely damaged.
You closely miss the wight. You hit the wight. You burn the wight.
The wight hits you with a +3 great sword!
You die...

...##...#...#
.......... .#
.......#...##.# ...
#......#..###..
.... #..........#..
.....#.............
....#..z........#
.......@)......# .
#####..zz......#..
.##.#.<..#...)....
..........#........
....##....)).....#.
>.. #...)))....##
..............###
...##.....#.# #..#
##...####


You could see 3 wights.

Vanquished Creatures
  Sigmund (D:2)
  A water moccasin (D:5)
  2 black bears
  A sky beast (D:6)
  2 ogres (D:5)
  A phantom (D:4)
  2 scorpions (D:5)
  7 wights (D:6)
  A hound (D:5)
  A sleepcap (D:5)
  2 iguanas (D:5)
  An orc wizard (D:5)
  4 adders
  A white imp (D:3)
  A worm (D:2)
  A dart slug (D:4)
  6 orcs
  6 ball pythons
  6 bats
  8 endoplasms
  5 giant cockroaches
  3 goblins
  6 hobgoblins
  3 jackals (D:2)
  6 kobolds
  A quokka (D:1)
  4 frilled lizards
  3 rats
86 creatures vanquished.

Notes
Turn   | Place    | Note
-------+----------+-------------------------------------------
     0 | D:1      | sampeng1 the Minotaur Berserker began the quest for the
                  | Orb.
     0 | D:1      | Reached XP level 1. HP: 19/19 MP: 0/0
   169 | D:1      | Reached XP level 2. HP: 27/27 MP: 1/1
   897 | D:2      | Noticed Sigmund
   901 | D:2      | Reached XP level 3. HP: 32/33 MP: 2/2
   907 | D:2      | Killed Sigmund
   908 | D:2      | Reached XP level 4. HP: 30/41 MP: 3/3
   908 | D:2      | Reached XP level 5. HP: 34/47 MP: 4/4
  1262 | D:2      | Reached ** piety under Trog
  1263 | D:2      | Reached skill level 5 in Axes
  1902 | D:3      | Reached skill level 5 in Fighting
  2393 | D:4      | Noticed a phantom
  2406 | D:4      | Killed a phantom
  2407 | D:4      | Reached XP level 6. HP: 45/56 MP: 5/5
  3130 | D:5      | Entered Level 5 of the Dungeon
  3174 | D:5      | Identified the +6 whip of Guuta {heavy, rElec rPois rN+}
  3269 | D:5      | Noticed a water moccasin
  3274 | D:5      | Killed a water moccasin
  3275 | D:5      | Reached skill level 5 in Armour
  3275 | D:5      | Reached XP level 7. HP: 33/62 MP: 6/6
  3421 | D:5      | Reached skill level 5 in Dodging
  3781 | D:5      | Reached skill level 1 in Shields
  4128 | D:5      | Found a staircase to the Ecumenical Temple.
  4166 | D:5      | Found a radiant altar of Vehumet.
  4166 | D:5      | Found a stormy altar of Qazlal.
  4167 | D:5      | Found a sparkling altar of Nemelex Xobeh.
  4445 | D:6      | Reached XP level 8. HP: 71/71 MP: 7/7
  4455 | D:6      | Reached *** piety under Trog
  4514 | D:6      | Slain by a wight

Illustrated notes

Levels and vault maps discovered:
D:1:      dpeg_arrival_castle, layout_basic, st_stairs_13
D:2:      layout_rooms, uniq_sigmund
D:3:      layout_basic, chequers_hall_statues_corner_a
D:4:      layout_loops_corners
D:5:      layout_loops_cross, gammafunk_temple_overflow_claw,
          minmay_temple_entry_glassed_door, minmay_small_thing
D:6:      layout_cave_pools, nicolae_shop_gadgets, uniq_duvessa

Skill      XL: |  1  2  3  4  5  6  7  8 |
---------------+-------------------------+-----
Fighting       | 4 5 6 7 |  7.1
Axes           | 4 5 6 7 |  7.2
Armour         | 3 4 5 6 |  6.5
Dodging        | 3 4 5 6 |  6.0
Shields        | 1 3 |  3.0

Action                     |  1- 3 |  4- 6 |  7- 9 || total
---------------------------+-------+-------+-------++-------
  Melee: Hand axe          |    34 |   111 |    53 ||   198
         Headbutt          |     6 |    12 |    12 ||    30
         Punch             |       |       |     1 ||     1
    Use: Potion            |     3 |     4 |     1 ||     8
         Scroll            |     2 |     6 |     1 ||     9
 Armour: Scale mail        |    16 |    41 |    17 ||    74
         Chain mail        |       |       |     6 ||     6
  Dodge: Dodged            |    25 |    76 |    43 ||   144
  Block: Buckler           |       |       |     9 ||     9
